 Dungeon Crawl Stone Soup version 0.28-a0-1128-gb845255321 (webtiles) character file.

Game seed: 1472429040838372715

341 ChaosChampion the Magician (level 6, -4/32 HPs)
             Began as a Deep Elf Conjurer on Dec 12, 2021.
             Slain by Pikel (8 damage)
             ... on level 4 of the Dungeon.
             The game lasted 00:06:20 (4534 turns).

ChaosChampion the Magician (Deep Elf Conjurer)      Turns: 4534, Time: 00:06:21

Health: -4/32      AC:  3    Str:  4    XL:     6   Next: 30%
Magic:  8/18       EV: 12    Int: 25    God:
Gold:   74         SH:  0    Dex: 13    Spells: 16/19 levels left

rFire   . . .      SeeInvis .   d - +3 short sword (spect)
rCold   . . .      Faith    .   (no shield)
rNeg    . . .      Spirit   .   a - +0 robe
rPois   .          Reflect  .   g - +1 hat
rElec   .          Harm     .   (no cloak)
rCorr   .          Rampage  .   (no gloves)
Will    .....                   (no boots)
Stlth   ++........              (no amulet)
HPRegen 0.10/turn               (no ring)
MPRegen 0.16/turn               (no ring)

@: no status effects
A: no striking features
a: no special abilities


You were on level 4 of the Dungeon.
You visited 1 branch of the dungeon, and saw 4 of its levels.

You collected 74 gold pieces.

Inventory:

Hand Weapons
 d - a +3 spectral short sword (weapon)
Armour
 a - a +0 robe (worn)
 g - a +1 hat (worn)
Wands
 l - a wand of polymorph (7)
 m - a wand of flame (21)
 o - a wand of iceblast (8)
Scrolls
 b - a scroll of torment
 f - a scroll of teleportation
Potions
 c - 4 potions of curing {unknown}
 e - a potion of lignification {unknown}
 i - a potion of flight {unknown}
 n - a potion of attraction {unknown}


   Skills:
 - Level 3.0 Dodging
 - Level 3.0 Stealth
 * Level 7.2 Spellcasting
 + Level 5.9 Conjurations


You had 16 spell levels left.
You knew the following spells:

 Your Spells              Type           Power      Damage    Failure   Level
a - Magic Dart            Conj           100%       1d8       1%          1
b - Searing Ray           Conj           76%        2d7       1%          2

Your spell library contained the following spells:

 Spells                   Type           Power      Damage    Failure   Level
 Dazzling Flash           Conj/Hex       46%        N/A       6%          3
 Fulminant Prism          Conj/Hex       11%        3d9       19%         4
 Iskenderun's Mystic Bla  Conj/Tloc      23%        2d6       19%         4
 Animate Armour           Summ/Erth      18%        N/A       54%         4
 Blade Hands              Tmut           4%         N/A       88%         5
 Iron Shot                Conj/Erth      11%        9d3       96%         6


Dungeon Overview and Level Annotations

Branches:
Dungeon (4/15)
 Temple: D:4-7

Altars:
Fedhas
Okawaru
Ru

Shops:
D:1 !

Annotations:
D:4 Pikel


Message History

Casting: Searing Ray (safe; 1% risk of failure)
Confirm with . or Enter, or press ? or * to list all spells.
Restarting spell: Searing Ray (safe; 1% risk of failure)
Press: ? - help, Shift-Dir - straight line, f/p - Pikel
Aim: Pikel, wielding a +2 whip of freezing, wearing a +0 robe and carrying a wand of polymorph (1) (lightly wounded, 76% to hit)
The searing ray hits Pikel.
Pikel is moderately wounded. (Press . to maintain the ray.) Pikel hits you with a +2 whip of freezing.
Pikel freezes you.
The searing ray misses Pikel.
Pikel misses you.
Casting: Searing Ray (safe; 1% risk of failure)
Confirm with . or Enter, or press ? or * to list all spells.
Restarting spell: Searing Ray (safe; 1% risk of failure)
Press: ? - help, Shift-Dir - straight line, f/p - Pikel
Aim: Pikel, wielding a +2 whip of freezing, wearing a +0 robe and carrying a wand of polymorph (1) (moderately wounded, 76% to hit)
The searing ray hits Pikel.
Pikel is moderately wounded. (Press . to maintain the ray.) Pikel closely misses you.
The searing ray hits Pikel.
Pikel is heavily wounded.
Pikel hits you with a +2 whip of freezing!
Pikel freezes you.
The searing ray hits Pikel!
Pikel is almost dead.
Pikel hits you with a +2 whip of freezing.
* * * LOW HITPOINT WARNING * * *
Pikel freezes you.
* * * LOW HITPOINT WARNING * * *
Casting: Searing Ray (safe; 1% risk of failure)
Confirm with . or Enter, or press ? or * to list all spells.
Restarting spell: Searing Ray (safe; 1% risk of failure)
Press: ? - help, Shift-Dir - straight line, f/p - Pikel
Aim: Pikel, wielding a +2 whip of freezing, wearing a +0 robe and carrying a wand of polymorph (1) (almost dead, 76% to hit)
The searing ray hits Pikel but does no damage.
Pikel is almost dead. (Press . to maintain the ray.) Pikel hits you with a +2 whip of freezing!
You die...

#######
#.....########
#..)..'5.K)...
#.....#######.
#.....K.)5..#
####'#.####(#
#.#.#@K)(#
#.#.######
#.#.. #.###
#.. ###


You could see Pikel.

Vanquished Creatures
  Sigmund (D:3)
  3 lemures
  Natasha (thrice) (D:2)
  Robin (D:4)
  An adder (D:3)
  3 worms
  A dart slug (D:1)
  6 orcs
  6 ball pythons
  10 endoplasms
  2 giant cockroaches
  9 hobgoblins
  3 jackals (D:2)
  2 quokkas (D:1)
  4 bats
  3 frilled lizards
  10 goblins
  4 kobolds
  5 rats
77 creatures vanquished.

Notes
Turn   | Place    | Note
-------+----------+-------------------------------------------
     0 | D:1      | ChaosChampion the Deep Elf Conjurer began the quest for the
                  | Orb.
     0 | D:1      | Reached XP level 1. HP: 10/10 MP: 6/6
   202 | D:1      | Reached XP level 2. HP: 15/15 MP: 5/8
   205 | D:1      | Learned a level 2 spell: Searing Ray
   231 | D:1      | You fall into a shaft and drop 1 floor!
   304 | D:2      | Found a blossoming altar of Fedhas.
   629 | D:2      | Reached XP level 3. HP: 19/19 MP: 0/10
  1139 | D:2      | Noticed Natasha
  1143 | D:2      | Killed Natasha
  1144 | D:2      | Reached skill level 4 in Spellcasting
  1327 | D:1      | Found Qaigycku's Distillery.
  1548 | D:1      | Reached XP level 4. HP: 24/24 MP: 9/12
  1753 | D:1      | Reached skill level 5 in Conjurations
  2132 | D:2      | Noticed Natasha
  2135 | D:2      | Killed Natasha
  2136 | D:2      | Reached skill level 5 in Spellcasting
  2555 | D:2      | Noticed Natasha
  2562 | D:2      | Killed Natasha
  2880 | D:3      | Found a faded altar of an unknown god.
  2979 | D:3      | Reached XP level 5. HP: 28/28 MP: 10/15
  3321 | D:3      | Noticed Sigmund
  3327 | D:3      | Killed Sigmund
  3328 | D:3      | Reached skill level 7 in Spellcasting
  3328 | D:3      | Reached XP level 6. HP: 24/32 MP: 9/18
  3583 | D:3      | Found a large runed translucent door.
  3589 | D:3      | Found a large runed translucent door.
  3656 | D:3      | Found a sacrificial altar of Ru.
  3664 | D:3      | Found an iron altar of Okawaru.
  3858 | D:4      | Noticed Robin
  3861 | D:4      | Killed Robin
  4027 | D:4      | Noticed Pikel
  4534 | D:4      | Slain by Pikel

Illustrated notes

Levels and vault maps discovered:
D:1:      dpeg_arrival_shrine, layout_loops_cross, serial_shops, shop,
          roderic_st_hans_cross
D:2:      layout_basic, basic_altar, chequers_arboretum, minmay_split_cup_small,
          uniq_natasha
D:3:      layout_loops_corners, jmf_multi_god_temple2,
          ebering_ecumenical_altar_petrified, grunt_ministairs_15, uniq_sigmund
D:4:      layout_basic, jmf_multi_god_temple, uniq_robin, uniq_blork_the_orc,
          uniq_pikel, uniq_grinder

Skill      XL: |  1  2  3  4  5 |
---------------+----------------+-----
Stealth        | 3 |  3.0
Dodging        | 3 |  3.0
Spellcasting   | 4 5 7 |  7.2
Conjurations   | 5 |  5.9

Action                   |  1- 3 |  4- 6 || total
-------------------------+-------+-------++-------
Melee: Unarmed           |       |     8 ||     8
       Short sword       |       |     2 ||     2
 Cast: Magic Dart        |    40 |    54 ||    94
       Searing Ray       |    13 |    22 ||    35
  Use: Scroll            |       |     5 ||     5
 Stab: Confused          |       |     1 ||     1
Armor: Robe              |     1 |       ||     1
       Skin              |       |     2 ||     2
Dodge: Dodged            |     5 |    10 ||    15

Table legend: (Time is in decaauts)
 A = Elapsed time spent in this place.
 B = Non-inter-level travel time spent in this place.
 C = Inter-level travel time spent in this place.
 D = Time resting spent in this place.
 E = Time spent auto-exploring this place.
 F = Levels seen in this place.
 G = Mean time per level.
                   A        B        C        D        E       F      G
               +--------+--------+--------+--------+--------+-----+--------+
         Total |   4538 |   4379 |    159 |    655 |   3182 |   4 | 1134.5 |
       Dungeon |   4538 |   4379 |    159 |    655 |   3182 |   4 | 1134.5 |
               +--------+--------+--------+--------+--------+-----+--------+

Top non-repeatable levels by time:
     D:2: 1638 daAuts
     D:3: 1573 daAuts
     D:1: 1112 daAuts
     D:4: 214 daAuts
